 Dungeon Crawl Stone Soup version 0.26-a0-812-g31a745ddcd (webtiles) character file.

Game seed: 6732908085673511498

46 Borgoz the Cudgeller (level 3, -9/22 HPs)
             Began as a Gargoyle Gladiator on Dec 8, 2020.
             Killed from afar by an orc wizard (10 damage)
             ... with a puff of frost
             ... on level 1 of the Dungeon.
             The game lasted 00:01:28 (999 turns).

Borgoz the Cudgeller (Gargoyle Gladiator)            Turns: 999, Time: 00:01:28

Health: -9/22      AC:  7    Str: 17    XL:     3   Next: 66%
Magic:  3/3        EV: 12    Int:  8    God:
Gold:   52         SH:  0    Dex: 12    Spells: 2/2 levels left

rFire    . . .     SeeInvis .   a - +0 flail
rCold    . . .     Faith    .   (no shield)
rNeg     + . .     Spirit   .   b - +0 leather armour
rPois    ∞         Reflect  .   c - +0 helmet
rElec    +         Harm     .   (no cloak)
rCorr    .         Rampage  .   (no gloves)
MR       .....                  (no boots)
Stlth    +.........             (no amulet)
HPRegen  0.07/turn              (no ring)
MPRegen  0.08/turn              (no ring)

@: no status effects
A: negative energy resistance 1, electricity resistance, unbreathing,
petrification resistance, rot immunity, AC +3
a: no special abilities


You were on level 1 of the Dungeon.
You visited 1 branch of the dungeon, and saw 2 of its levels.

You collected 52 gold pieces.

Inventory:

Hand Weapons
 a - a +0 flail (weapon)
Missiles
 d - 3 throwing nets (quivered)
Armour
 b - a +0 leather armour (worn)
 c - a +0 helmet (worn)
Scrolls
 g - a scroll of magic mapping {unknown}
 h - a scroll of blinking
 i - a scroll of enchant weapon {unknown}
 n - a scroll of immolation {unknown}
 o - a scroll of teleportation {unknown}
Potions
 f - a potion of resistance {unknown}
 j - a potion of degeneration {unknown}
 k - a potion of berserk rage {unknown}
 l - 2 potions of curing {unknown}
 m - a potion of attraction {unknown}
 p - a potion of cancellation {unknown}
 q - a potion of magic {unknown}


   Skills:
 + Level 2.7 Fighting
 * Level 3.7 Maces & Flails
 - Level 1.7 Throwing
 * Level 3.0 Dodging


You had 2 spell levels left.
You didn't know any spells.
Your spell library was empty.

Dungeon Overview and Level Annotations

Branches:
Dungeon (2/15)

Altars:


Innate Abilities, Weirdness & Mutations

You are resistant to torment.
Your stone body is resilient. (AC +3)
You are immune to poison.
You resist negative energy. (rN+)
You are resistant to electric shocks. (rElec)
You can survive without breathing.
You are immune to petrification.
You are immune to rotting.


Message History

You closely miss the orc wizard.
The orc wizard is heavily wounded.
The orc wizard misses you.
You barely miss the orc wizard.
The orc wizard is heavily wounded.
The orc wizard begins to cast a cantrip, but forgets the words!
You hit the orc wizard but do no damage.
The orc wizard is heavily wounded.
The orc wizard casts a spell at you. The puff of flame hits you!
* * * LOW HITPOINT WARNING * * *
You hit the orc wizard.
The orc wizard is almost dead.
The orc wizard hits you but does no damage.
The orc wizard completely misses you.
You closely miss the orc wizard.
The orc wizard is almost dead.
The orc wizard casts a spell at you. The puff of frost hits you!
You die...

#.....####≈≈≈≈≈≈≈≈≈≈##
#####.###≈≈≈≈≈≈≈≈≈≈≈≈##
#######.##≈≈≈≈≈≈≈≈≈≈≈≈≈≈##
.........≈≈≈8≈≈≈≈≈≈≈≈8≈≈≈#
#######..≈≈≈≈≈≈≈≈≈≈≈≈≈≈≈≈#
#..≈≈≈≈...≈≈≈≈≈≈≈≈≈########
#.#.≈≈.≈≈≈.≈≈≈≈≈≈≈≈........
#.#≈..≈≈≈≈†<≈≈≈≈≈≈≈.###.###
######(#≈≈≈≈≈≈≈@o≈≈≈≈..≈.#
#.#
#.......≈≈≈≈≈≈≈≈.≈≈≈.≈≈..#
#.#
#.######≈≈≈≈≈≈≈≈≈...≈≈≈≈.#
#.# #.# #≈≈≈≈≈≈≈≈≈≈≈≈≈≈≈≈##
#.# #.# #≈≈≈8≈≈≈≈≈≈≈≈8≈≈≈#
#.# #.# ##≈≈≈≈≈≈≈≈≈≈≈≈≈≈##
#.# #.# ##≈≈≈≈≈≈≈≈≈≈≈≈##
#.## ##.## ##≈≈≈≈≈≈≈≈≈≈##
#..#
#...#########..########
##.#


You could see an orc wizard.

Vanquished Creatures
  An adder (D:2)
  An ooze (D:2)
  2 orcs (D:2)
  2 giant cockroaches (D:1)
  6 goblins (D:1)
  2 hobgoblins (D:1)
  A jackal (D:1)
  2 kobolds
  A ball python (D:1)
  2 bats (D:1)
  6 frilled lizards
  8 rats
34 creatures vanquished.

Vanquished Creatures (others)
  A jackal (D:1)
1 creature vanquished.

Grand Total: 35 creatures vanquished

Notes
Turn   | Place    | Note
-------+----------+-------------------------------------------
     0 | D:1      | Borgoz the Gargoyle Gladiator began the quest for the Orb.
     0 | D:1      | Reached XP level 1. HP: 12/12 MP: 1/1
   211 | D:1      | Reached XP level 2. HP: 18/18 MP: 2/2
   840 | D:2      | Reached XP level 3. HP: 16/22 MP: 3/3
   997 | D:1      | HP: 1/22 [orc wizard/puff of flame (7)]
   999 | D:1      | Killed from afar by an orc wizard

Illustrated notes

Levels and vault maps discovered:
D:1:      nzn_arrival_water_spiral, layout_loops_ring, minmay_tetromino_s4
D:2:      layout_basic, nicolae_overflow_hidden_temple,
          chequers_ecumenical_altar_twisty, grunt_nemelex_the_gamble

Skill      XL: |  1  2  3 |
---------------+----------+-----
Dodging        | 3 |  3.0
Fighting       | |  2.7
Maces & Flails | |  3.7
Throwing       | |  1.7

Action                   || total
-------------------------++-------
Melee: Flail             ||    97
  Use: Potion            ||     2
       Scroll            ||     1
Armor: Leather armour    ||    87
Dodge: Dodged            ||   148

Table legend: (Time is in decaauts)
 A = Elapsed time spent in this place.
 B = Non-inter-level travel time spent in this place.
 C = Inter-level travel time spent in this place.
 D = Time resting spent in this place.
 E = Time spent auto-exploring this place.
 F = Levels seen in this place.
 G = Mean time per level.
                   A        B        C        D        E       F      G
               +--------+--------+--------+--------+--------+-----+--------+
         Total |   1032 |   1015 |     17 |      0 |    800 |   2 |  516.0 |
       Dungeon |   1032 |   1015 |     17 |      0 |    800 |   2 |  516.0 |
               +--------+--------+--------+--------+--------+-----+--------+

Top non-repeatable levels by time:
     D:1: 891 daAuts
     D:2: 141 daAuts
